 Dungeon Crawl Stone Soup version 0.29.1-15-g9cfb28693d (webtiles) character file.

Game seed: 2592107447102882369

4 hawla the Firebug (level 2, 0/20 HPs)
             Began as a Meteoran Fire Elementalist on Feb 22, 2023.
             Slain by a goblin
             ... wielding a +0 club
             ... led by Robin
              (2 damage)
             ... on level 2 of the Dungeon.
             The game lasted 00:01:47 (197 turns).

hawla the Firebug (Meteoran Fire Elementalist)       Turns: 197, Time: 00:01:48

Health: 0/20       AC:  2    Str:  9    XL:     2   Next: 0%
Magic:  6/6        EV: 12    Int: 16    God:
Gold:   18         SH:  0    Dex: 14    Spells: 5/6 levels left

rFire   . . .      SeeInvis .   (no weapon)
rCold   . . .      Faith    .   (no shield)
rNeg    . . .      Spirit   .   a - +0 robe
rPois   .          Reflect  .   (no helmet)
rElec   .          Harm     .   (no cloak)
rCorr   .          Rampage  .   (no gloves)
Will    .....                   (no boots)
Stlth   +.........              (no amulet)
HPRegen 0.06/turn               (no ring)
MPRegen 0.10/turn               (no ring)

@: lethally poisoned (0 -> -2), glowing
A: sense surroundings 1, otherworldly, glowing, explore regen
a: no special abilities


You were on level 2 of the Dungeon.
You visited 1 branch of the dungeon, and saw 2 of its levels.

You collected 18 gold pieces.

Inventory:

Armour
 a - a +0 robe (worn)
Potions
 b - a potion of magic
 c - a potion of attraction


   Skills:
 + Level 2.6 Dodging
 - Level 1.4 Stealth
 + Level 2.9 Spellcasting
 + Level 1.2 Conjurations
 + Level 3.7 Fire Magic


You had 5 spell levels left.
You knew the following spells:

 Your Spells              Type           Power      Damage    Failure   Level
a - Foxfire               Conj/Fire      40%        2x1d6     7%          1

Your spell library contained the following spells:

 Spells                   Type           Power      Damage    Failure   Level
 Scorch                   Fire           28%        2d6       6%          2
 Conjure Flame            Conj/Fire      10%        6-21      21%         3
 Inner Flame              Hex/Fire       8%         N/A       26%         3
 Sublimation of Blood     Necr           2%         N/A       28%         2
 Flame Wave               Conj/Fire      10%        2d6       56%         4
 Petrify                  Tmut/Erth      2%         N/A       88%         4
 Irradiate                Conj/Tmut      2%         3d12      99%         5


Dungeon Overview and Level Annotations

Branches:
Dungeon (2/15) Zot: 1002

Altars:

Annotations:
D:2 Robin


Innate Abilities, Weirdness & Mutations

You passively map a small area around you.
You are easily found by Zot.
You glow in the dark.
You regain HP and MP as you explore.


Message History

The goblin is severely wounded.
The foxfire hits the goblin.
You kill the goblin!
An adder comes into view.
The goblin hits you with a +0 club.
You have reached level 2!
Robin and 3 goblins come into view.
A goblin is wielding a +1 dagger of flaming.
Robin shouts!
The goblin shouts! x2
The adder bites you but does no damage.
A hobgoblin comes into view.
Robin throws the goblin at you!
A hobgoblin comes into view.
The goblin moves out of view.
Things that are here:
a +0 club; a +0 dagger
As you read the scroll labelled JIURPH FOTY, it crumbles to dust.
It is a scroll of identify.
c - a potion of attraction The adder bites you but does no damage.
The goblin hits you with a +0 club. The goblin barely misses you.
Robin roars a battlecry!
The goblins go into a battle-frenzy!
A goblin comes into view. It is wielding a +0 club.
Unknown command.
The adder attacks as you move away! The adder bites you.
You are poisoned.
The adder poisons you!
You feel sick. The adder bites you. The goblin hits you with a +0 club.
* * * LOW HITPOINT WARNING * * *
Robin throws the goblin at you! The goblin barely misses you.
The goblin attacks as you move away! The goblin hits you with a +0 club.
* * * LOW HITPOINT WARNING * * *
The adder attacks as you move away! The adder misses you.
Found a scroll labelled SITINI ZAUKLO.
* * * LOW HITPOINT WARNING * * *
You feel sick.
A kobold comes into view. It is wielding a +0 dagger.
The goblin hits you with a +0 club.
You die...

, , , , #.
, , ? , *
.## * *
..# * *#.#
, , ,*
#.#######
*
#........,
##.g####@#
,#,** ,


..gggggSg# .#.# ** .#Kg####)##..<.## , #g<......# * #.###...#.. , , * #. ..... *
#.* #### ## ,* You could see an adder, 2 hobgoblins, 6 goblins and a kobold
(wandering).

Vanquished Creatures
  A giant cockroach (D:1)
  A frilled lizard (D:1)
  2 goblins (D:2)
  A rat (D:2)
5 creatures vanquished.

Vanquished Creatures (others)
  12 foxfires
12 creatures vanquished.

Grand Total: 17 creatures vanquished

Notes
Turn   | Place    | Note
-------+----------+-------------------------------------------
     0 | D:1      | hawla the Meteoran Fire Elementalist began the quest for
                  | the Orb.
     0 | D:1      | Reached XP level 1. HP: 14/14 MP: 5/5
   194 | D:2      | Reached XP level 2. HP: 19/20 MP: 3/6
   194 | D:2      | Noticed Robin
   197 | D:2      | Slain by a goblin

Illustrated notes

Levels and vault maps discovered:
D:1:      elethiomel_arrival_maze, layout_loops_ring,
          shapermc_ecumenical_altar_mp_highgroup, minmay_misc_feat_tower
D:2:      layout_loops_cross, uniq_robin

Action                   || total
-------------------------++-------
Melee: Unarmed           ||     6
 Cast: Foxfire           ||     7
  Use: Scroll            ||     1
Armor: Robe              ||     7
Dodge: Dodged            ||     8
